 Dungeon Crawl Stone Soup version 0.29-a0-369-gd956c00756 (webtiles) character file.

Game seed: 16978445590922604044

176 holysushi the Cutter (level 5, -4/34 HPs)
             Began as a Kobold Monk on May 1, 2022.
             Splashed by a jelly's acid (9 damage)
             ... on level 4 of the Dungeon.
             The game lasted 00:02:16 (3446 turns).

holysushi the Cutter (Kobold Monk)                  Turns: 3446, Time: 00:02:18

Health: -4/34      AC: -4    Str:  9    XL:     5   Next: 86%
Magic:  5/5        EV: 16    Int: 11    God:
Gold:   127        SH:  0    Dex: 19    Spells: 4/4 levels left

rFire   . . .      SeeInvis .   a - +0 short sword
rCold   . . .      Faith    .   (no shield)
rNeg    . . .      Spirit   .   b - +0 robe
rPois   .          Reflect  .   (no helmet)
rElec   .          Harm     .   m - +0 cloak
rCorr   .          Rampage  .   f - +0 pair of gloves
Will    .....                   (no boots)
Stlth   +++.......              (no amulet)
HPRegen 0.11/turn               (no ring)
MPRegen 0.09/turn               (no ring)

@: corroded
A: small, no large weapons, nightstalker 3
a: no special abilities


You were on level 4 of the Dungeon.
You visited 1 branch of the dungeon, and saw 4 of its levels.

You collected 127 gold pieces.

Inventory:

Hand Weapons
 a - a +0 short sword (weapon)
Armour
 b - a +0 robe (worn)
 f - a +0 pair of gloves (worn)
 m - a +0 cloak (worn)
Jewellery
 o - an amulet of faith
Scrolls
 d - 4 scrolls of identify {unknown}
 g - a scroll of summoning {unknown}
 i - a scroll of fog {unknown}
 j - 2 scrolls of blinking {unknown}
 k - a scroll of teleportation {unknown}
 n - 2 scrolls of fear {unknown}
Potions
 c - a potion of ambrosia
 e - 2 potions of cancellation {unknown}
 h - 3 potions of lignification {unknown}
 l - 2 potions of mutation {unknown}
 p - a potion of might {unknown}


   Skills:
 + Level 4.5 Fighting
 * Level 6.7 Short Blades
 + Level 4.1 Dodging
 - Level 2.6 Stealth


You had 4 spell levels left.
You didn't know any spells.
Your spell library contained the following spells:

 Spells                   Type           Power      Damage    Failure   Level
 Foxfire                  Conj/Fire      0%         2x1d4     34%         1
 Sandblast                Erth           0%         2d4       34%         1
 Passwall                 Tmut/Erth      0%         N/A       47%         2
 Conjure Flame            Conj/Fire      0%         6-21      71%         3
 Inner Flame              Hex/Fire       0%         N/A       71%         3
 Stone Arrow              Conj/Erth      0%         3d7       71%         3
 Animate Armour           Summ/Erth      0%         N/A       98%         4
 Flame Wave               Conj/Fire      0%         2d4       98%         4
 Lehudib's Crystal Spear  Conj/Erth      0%         10d2      100%        8


Dungeon Overview and Level Annotations

Branches:
Dungeon (4/15)
 Temple: D:4-7

Altars:


Innate Abilities, Weirdness & Mutations

You are small and have problems with some larger weapons.
You are completely attuned to the shadows.


Message History

You see here a giant cockroach corpse.
No target in view!
You see here a giant cockroach corpse.
A scorpion comes into view.
A scorpion is nearby!
A scorpion is nearby!
A scorpion is nearby!
The helpless scorpion fails to defend itself.
You impale the scorpion!!
You kill the scorpion!
Your Dodging skill increases to level 4!
You now have 127 gold pieces (gained 6).
Found 27 stones.
You see here 27 stones.
A jelly is nearby!
A jelly is nearby!
A jelly is nearby!
Things that are here:
a +0 club; a stone No target in view!
No target in view!
The jelly quivers.
You hit the jelly. The acid corrodes you!
Your hands burn!
The jelly is moderately wounded.
The jelly closely misses you.
You hit the jelly.
Your hands burn!
The jelly is severely wounded.
The jelly hits you. The acid corrodes you!
You are splashed with acid!
You hit the jelly but do no damage.
Your hands burn!
The jelly is severely wounded.
You hit the jelly but do no damage.
Your hands burn!
The jelly is severely wounded.
The jelly closely misses you.
You hit the jelly but do no damage. The acid corrodes you!
Your hands burn!
* * * LOW HITPOINT WARNING * * *
The jelly is severely wounded.
The jelly hits you.
* * * LOW HITPOINT WARNING * * *
You are splashed with acid!
You die...

#.#.....##....## . #.#
##.#.#.######...##.# #.##
.........###..#)...# #.# #.#.
...##...#.##.##.#### #>.# ####.#.
#..##..#†.##.##.#### ##.###......
.#....#...##.##....###....)...#.#
..#..#....#..##.##............#.#
#..##..##...###..............##.#
#..##..##..###..@####........##.#
..#..#.....#...J## #)[.......
.#....#......##.# #...##.##
#..##..#...####.# ##.....#
...##...#..# #.# #..#....
.........#.# ##.# ##.###...
.#........<# #..####..# ...
...........###.###...## .#
##.........##..# #.###


You could see a jelly.

Vanquished Creatures
  A scorpion (D:4)
  A jelly (D:4)
  3 adders
  A worm (D:3)
  4 dart slugs
  3 orcs (D:3)
  4 ball pythons
  3 bats
  8 endoplasms
  4 giant cockroaches
  3 goblins
  A hobgoblin (D:3)
  5 frilled lizards
  7 kobolds
  3 rats
51 creatures vanquished.

Vanquished Creatures (others)
  A withered plant (D:2)
1 creature vanquished.

Grand Total: 52 creatures vanquished

Notes
Turn   | Place    | Note
-------+----------+-------------------------------------------
     0 | D:1      | holysushi the Kobold Monk began the quest for the Orb.
     0 | D:1      | Reached XP level 1. HP: 14/14 MP: 1/1
   215 | D:1      | Reached XP level 2. HP: 19/19 MP: 2/2
   839 | D:1      | Reached skill level 5 in Short Blades
   839 | D:1      | Reached XP level 3. HP: 24/24 MP: 3/3
   909 | D:2      | Found a faded altar of an unknown god.
  1683 | D:2      | Reached XP level 4. HP: 29/29 MP: 4/4
  2351 | D:3      | Reached skill level 6 in Short Blades
  3272 | D:4      | Reached XP level 5. HP: 33/33 MP: 5/5
  3446 | D:4      | Splashed by a jelly's acid

Illustrated notes

Levels and vault maps discovered:
D:1:      elethiomel_arrival_shortcut, layout_basic
D:2:      layout_basic, ebering_ecumenical_altar_petrified,
          kennysheep_generic_room_9
D:3:      layout_basic
D:4:      layout_rooms, minivault_26, chequers_jeans, hangedman_decor_riveting

Skill      XL: |  1  2  3  4  5 |
---------------+----------------+-----
Short Blades   | 5 6 |  6.7
Fighting       | 4 |  4.5
Dodging        | 4 |  4.1
Stealth        | |  2.6

Action                   |  1- 3 |  4- 6 || total
-------------------------+-------+-------++-------
Melee: Short sword       |    48 |    60 ||   108
       Punch             |     1 |       ||     1
 Stab: Sleeping          |    15 |    10 ||    25
       Distracted        |       |     1 ||     1
Armor: Robe              |     4 |     5 ||     9
Dodge: Dodged            |    16 |    32 ||    48

Table legend: (Time is in decaauts)
 A = Elapsed time spent in this place.
 B = Non-inter-level travel time spent in this place.
 C = Inter-level travel time spent in this place.
 D = Time resting spent in this place.
 E = Time spent auto-exploring this place.
 F = Levels seen in this place.
 G = Mean time per level.
                   A        B        C        D        E       F      G
               +--------+--------+--------+--------+--------+-----+--------+
         Total |   3427 |   3323 |    104 |    311 |   2629 |   4 |  856.8 |
       Dungeon |   3427 |   3323 |    104 |    311 |   2629 |   4 |  856.8 |
               +--------+--------+--------+--------+--------+-----+--------+

Top non-repeatable levels by time:
     D:3: 1344 daAuts
     D:2: 967 daAuts
     D:1: 869 daAuts
     D:4: 245 daAuts
